Workbook

Sheet Summary
A1: Summary
B4: FY25 | C4: FY26 | D4: FY27 | E4: Total
A5: Real June 2024 ($million)
A6: Capex | B6: ='PTRM input '!D23 -> 15.403447 | C6: ='PTRM input '!E23 -> 0.56726808 | D6: ='PTRM input '!F23 -> 0.062202929 | E6: =SUM(B6:D6) -> 16.032918
A7: Opex | B7: ='PTRM input '!D24 -> 3.6791475 | C7: ='PTRM input '!E24 -> 0.13662734 | D7: ='PTRM input '!F24 -> 0.039139926 | E7: =SUM(B7:D7) -> 3.8549148
B8: =B6+B7 -> 19.082595 | C8: =C6+C7 -> 0.70389542 | D8: =D6+D7 -> 0.10134286 | E8: =E6+E7 -> 19.887833
A11: Materiality Threshold % | B11: ='PTRM input '!D10 -> 0.017302259 | C11: ='PTRM input '!E10 -> 0.00061570319 | D11: ='PTRM input '!F10 -> 8.4586532e-05
A13: Average bill impact for FY27 and FY28- $ per annum
A14: Residential customers | E14: ='PTRM input '!I30 -> 2.9369033
A15: Small business customers | E15: ='PTRM input '!I35 -> 5.8388685

Sheet PTRM input 
C2: FY24 | D2: FY25 | E2: FY26 | F2: FY27 | G2: FY28 | H2: FY29 | J2: Source
A3: Cumulative inflation index | C3: 1 | D3: 1.0265976 | E3: 1.0539026 | F3: 1.0819339 | G3: 1.1107107 | H3: 1.140253 | J3: Inflation index sourced from Essential Energy’s PTRM 2026-27 RoD update - Bushfire Risk Reclassification
A4: Factor to convert $nominal (mid year) to $ real 2023-24 (end year) | D4: =1/SQRT(D3) -> 0.98696074 | E4: =1/SQRT(D3*E3) -> 0.96139008 | F4: =1/SQRT(E3*F3) -> 0.93648192
A7: Table 2
A8: ARR Materiality (nominal unsmoothed) | D8: 1117.4671 | E8: 1189.1513 | F8: 1279.3593 | G8: 1307.6143 | H8: 1412.7929 | I8: =SUM(D8:H8) -> 6306.3848 | J8: Sourced from Essential Energy’s PTRM 2026-27 RoD update - Bushfire Risk Reclassification
A9: Nominal Totex | D9: =D25/D4 -> 19.334705 | E9: =E25/E4 -> 0.73216422 | F9: =F25/F4 -> 0.10821656 | G9: =G25*G3 -> 0 | H9: 0 | I9: =SUM(D9:H9) -> 20.175086
A10: Threshold | D10: =D9/D8 -> 0.017302259 | E10: =E9/E8 -> 0.00061570319 | F10: =F9/F8 -> 8.4586532e-05 | G10: =G9/G8 -> 0 | H10: =H9/H8 -> 0 | I10: =I9/I8 -> 0.0031991523
A12: deflate to FY24 for PTRM
A13: Direct expenditure | D13: =D2 -> FY25 | E13: =E2 -> FY26 | F13: =F2 -> FY27 | G13: =G2 -> FY28 | H13: total
A14: Capex -Dx lines and cables | D14: ='Direct costs'!B38*'PTRM input '!D4 -> 12795860 | E14: ='Direct costs'!F38*'PTRM input '!E4 -> 477640.21 | F14: ='Direct costs'!J38*'PTRM input '!F4 -> 60767.853 | H14: =SUM(D14:G14) -> 13334268
A15: Opex | D15: ='Direct costs'!C38*'PTRM input '!D4 -> 3679147.5 | E15: ='Direct costs'!G38*'PTRM input '!E4 -> 136627.34 | F15: ='Direct costs'!K38*'PTRM input '!F4 -> 39139.926 | H15: =SUM(D15:G15) -> 3854914.8
A16: totex | D16: =SUM(D14:D15) -> 16475008 | E16: =SUM(E14:E15) -> 614267.55 | F16: =SUM(F14:F15) -> 99907.778 | G16: =SUM(G14:G15) -> 0 | H16: =SUM(H14:H15) -> 17189183
A18: Capex -Dx lines and cables | D18: =D14/1000000 -> 12.79586 | E18: =E14/1000000 -> 0.47764021 | F18: =F14/1000000 -> 0.060767853 | G18: =G14/1000000 -> 0 | H18: =SUM(D18:G18) -> 13.334268
A19: Opex | D19: =D15/1000000 -> 3.6791475 | E19: =E15/1000000 -> 0.13662734 | F19: =F15/1000000 -> 0.039139926 | G19: =G15/1000000 -> 0 | H19: =SUM(D19:G19) -> 3.8549148
A20: Direct totex | D20: =SUM(D18:D19) -> 16.475008 | E20: =SUM(E18:E19) -> 0.61426755 | F20: =SUM(F18:F19) -> 0.099907778 | G20: =SUM(G18:G19) -> 0 | H20: =SUM(H18:H19) -> 17.189183
A22: Table 1 ($M) Fully loaded FY24$
A23: Capex -Dx lines and cables | D23: ='Capitalised Overheads'!D9/1000000 -> 15.403447 | E23: ='Capitalised Overheads'!E9/1000000 -> 0.56726808 | F23: ='Capitalised Overheads'!F9/1000000 -> 0.062202929 | G23: 0 | H23: =SUM(D23:G23) -> 16.032918
A24: Opex | D24: =D19 -> 3.6791475 | E24: =E19 -> 0.13662734 | F24: =F19 -> 0.039139926 | G24: 0 | H24: =SUM(D24:G24) -> 3.8549148
A25: totex | D25: =SUM(D23:D24) -> 19.082595 | E25: =SUM(E23:E24) -> 0.70389542 | F25: =SUM(F23:F24) -> 0.10134286 | G25: =SUM(G23:G24) -> 0 | H25: =SUM(H23:H24) -> 19.887833
D27: Impact on customer bill | E27: 2025-26 | F27: 2026-27 | G27: 2027-28 | H27: 2028-29 | I27: 2yr average
D28: Residential Customers
D29: Distribution component ($) - Existing costs | E29: ='[1]Bill impact summary'!B9 -> 951.38945 | F29: ='[1]Bill impact summary'!C9 -> 865.72356 | G29: ='[1]Bill impact summary'!D9 -> 914.05869 | H29: ='[1]Bill impact summary'!E9 -> 965.09248
D30: Distribution component ($) - CPT costs | E30: ='[1]Bill impact summary'!B10 -> 0 | F30: ='[1]Bill impact summary'!C10 -> 0 | G30: ='[1]Bill impact summary'!D10 -> 2.8571432 | H30: ='[1]Bill impact summary'!E10 -> 3.0166634 | I30: ='[1]Bill impact summary'!F10 -> 2.9369033
D31: Residential annual bill ($) | E31: ='[1]Bill impact summary'!B11 -> 2741 | F31: ='[1]Bill impact summary'!C11 -> 2530 | G31: ='[1]Bill impact summary'!D11 -> 2581.1923 | H31: ='[1]Bill impact summary'!E11 -> 2635.2427
D32: Change to current retail bill (%) | E32: ='[1]Bill impact summary'!B12 -> 0 | F32: ='[1]Bill impact summary'!C12 -> 0 | G32: ='[1]Bill impact summary'!D12 -> 0.0011069083 | H32: ='[1]Bill impact summary'!E12 -> 0.0011447383 | I32: ='[1]Bill impact summary'!F12 -> 0.0011258233
D33: Small Business Customers
D34: Distribution component ($) - Existing costs | E34: ='[1]Bill impact summary'!B14 -> 2325.5071 | F34: ='[1]Bill impact summary'!C14 -> 1721.1483 | G34: ='[1]Bill impact summary'!D14 -> 1817.2435 | H34: ='[1]Bill impact summary'!E14 -> 1918.704
D35: Distribution component ($) - CPT costs | E35: ='[1]Bill impact summary'!B15 -> 0 | F35: ='[1]Bill impact summary'!C15 -> 0 | G35: ='[1]Bill impact summary'!D15 -> 5.6802971 | H35: ='[1]Bill impact summary'!E15 -> 5.9974399 | I35: ='[1]Bill impact summary'!F15 -> 5.8388685
D36: Small business annual bill ($) | E36: ='[1]Bill impact summary'!B16 -> 6222 | F36: ='[1]Bill impact summary'!C16 -> 4919 | G36: ='[1]Bill impact summary'!D16 -> 5020.7756 | H36: ='[1]Bill impact summary'!E16 -> 5128.2335
D37: Change to current retail bill (%) | E37: ='[1]Bill impact summary'!B17 -> 0 | F37: ='[1]Bill impact summary'!C17 -> 0 | G37: ='[1]Bill impact summary'!D17 -> 0.0011313585 | H37: ='[1]Bill impact summary'!E17 -> 0.0011694943 | I37: ='[1]Bill impact summary'!F17 -> 0.0011504264
A42: Table 3: Proposed change in smoothed revenue
A43: $M Nominal terms | B43: FY25 | C43: FY26 | D43: FY27 | E43: FY28 | F43: FY29 | G43: 2024-29
A44: Approved annual revenue smoothed | B44: 1145.6032 | C44: 1187.0672 | D44: 1251.8907 | E44: 1321.7864 | F44: 1395.5844 | G44: =SUM(B44:F44) -> 6301.932
A45: Plus, 2025 North Coast Weather Event | B45: =B46-B44 -> 0 | C45: =C46-C44 -> 0 | D45: =D46-D44 -> 0 | E45: =E46-E44 -> 4.1316088 | F45: =F46-F44 -> 4.3622851 | G45: =SUM(B45:F45) -> 8.4938939
A46: Updated annual revenue smoothed | B46: ='[1]Revenue summary'!G21 -> 1145.6032 | C46: ='[1]Revenue summary'!H21 -> 1187.0672 | D46: ='[1]Revenue summary'!I21 -> 1251.8907 | E46: ='[1]Revenue summary'!J21 -> 1325.918 | F46: ='[1]Revenue summary'!K21 -> 1399.9467 | G46: =SUM(B46:F46) -> 6310.4259
A50: Avoided costs FY24 | B50: ='Direct costs'!P33*D4 -> 56727.953

Sheet Direct costs
A1: Nominal Dollars
A2: Allocated Project Costs | B2: FY25 | F2: FY26 | J2: FY27 | N2: Total
B3: Capex | C3: Opex | D3: Total | F3: Capex | G3: Opex | H3: Total | J3: Capex | K3: Opex | L3: Total | N3: Capex | O3: Opex | P3: Total
B4: $ | C4: $ | D4: $ | F4: $ | G4: $ | H4: $ | J4: $ | K4: $ | L4: $ | N4: $ | O4: $ | P4: $
A5: Labour | B5: 6430068.6 | C5: 363158.52 | D5: =SUM(B5:C5) -> 6793227.1 | F5: 124337.31 | G5: 21912.061 | H5: =SUM(F5:G5) -> 146249.38 | J5: 933.02 | K5: 0 | L5: =SUM(J5:K5) -> 933.02 | N5: =B5+F5+J5 -> 6555338.9 | O5: =C5+G5+K5 -> 385070.59 | P5: =N5+O5 -> 6940409.5
A6: Fleet -fuel | B6: 0 | C6: 97259.144 | D6: =SUM(B6:C6) -> 97259.144 | F6: 0 | G6: 0 | H6: =SUM(F6:G6) -> 0 | J6: 0 | K6: 0 | L6: =SUM(J6:K6) -> 0 | N6: =B6+F6+J6 -> 0 | O6: =C6+G6+K6 -> 97259.144 | P6: =N6+O6 -> 97259.144
A7: Contractors and consultants | B7: 4662850.7 | C7: 1324103.1 | D7: =SUM(B7:C7) -> 5986953.7 | F7: 210251.18 | G7: 63861.67 | H7: =SUM(F7:G7) -> 274112.85 | J7: 6600 | K7: 35840 | L7: =SUM(J7:K7) -> 42440 | N7: =B7+F7+J7 -> 4879701.8 | O7: =C7+G7+K7 -> 1423804.7 | P7: =N7+O7 -> 6303506.6
A8: Materials | B8: 1122535.8 | C8: 385337.11 | D8: =SUM(B8:C8) -> 1507872.9 | F8: 134041.99 | G8: 19846.026 | H8: =SUM(F8:G8) -> 153888.02 | J8: 0 | K8: 0 | L8: =SUM(J8:K8) -> 0 | N8: =B8+F8+J8 -> 1256577.8 | O8: =C8+G8+K8 -> 405183.13 | P8: =N8+O8 -> 1661760.9
A9: IT Expenditure | B9: 0 | C9: 130178.9 | D9: =SUM(B9:C9) -> 130178.9 | F9: 0 | G9: 19618 | H9: =SUM(F9:G9) -> 19618 | J9: 0 | K9: 0 | L9: =SUM(J9:K9) -> 0 | N9: =B9+F9+J9 -> 0 | O9: =C9+G9+K9 -> 149796.9 | P9: =N9+O9 -> 149796.9
A10: Plant Expenditure | B10: 1.4210855e-14 | C10: 73938.88 | D10: =SUM(B10:C10) -> 73938.88 | F10: 0 | G10: 0 | H10: =SUM(F10:G10) -> 0 | J10: 0 | K10: 0 | L10: =SUM(J10:K10) -> 0 | N10: =B10+F10+J10 -> 1.4210855e-14 | O10: =C10+G10+K10 -> 73938.88 | P10: =N10+O10 -> 73938.88
A11: Other | B11: 0 | C11: 17749.51 | D11: =SUM(B11:C11) -> 17749.51 | F11: 0 | G11: 947.39 | H11: =SUM(F11:G11) -> 947.39 | J11: 0 | K11: 0 | L11: =SUM(J11:K11) -> 0 | N11: =B11+F11+J11 -> 0 | O11: =C11+G11+K11 -> 18696.9 | P11: =N11+O11 -> 18696.9
A12: Travel | B12: 1227.22 | C12: 685365.57 | D12: =SUM(B12:C12) -> 686592.79 | F12: 0 | G12: 11174.34 | H12: =SUM(F12:G12) -> 11174.34 | J12: 0 | K12: 0 | L12: =SUM(J12:K12) -> 0 | N12: =B12+F12+J12 -> 1227.22 | O12: =C12+G12+K12 -> 696539.91 | P12: =N12+O12 -> 697767.13
B13: =SUM(B5:B12) -> 12216682 | C13: =SUM(C5:C12) -> 3077090.7 | D13: =SUM(D5:D12) -> 15293773 | F13: =SUM(F5:F12) -> 468630.48 | G13: =SUM(G5:G12) -> 137359.49 | H13: =SUM(H5:H12) -> 605989.97 | J13: =SUM(J5:J12) -> 7533.02 | K13: =SUM(K5:K12) -> 35840 | L13: =SUM(L5:L12) -> 43373.02 | N13: =SUM(N5:N12) -> 12692846 | O13: =SUM(O5:O12) -> 3250290.2 | P13: =SUM(P5:P12) -> 15943136
A16: Additional Costs Associated with Tasks (Candidate & Planned) | B16: FY25 | F16: FY26 | J16: FY27 | N16: Total
B17: Capex | C17: Opex | D17: Total | F17: Capex | G17: Opex | H17: Total | J17: Capex | K17: Opex | L17: Total | N17: Capex | O17: Opex | P17: Total
B18: $ | C18: $ | D18: $ | F18: $ | G18: $ | H18: $ | J18: $ | K18: $ | L18: $ | N18: $ | O18: $ | P18: $
A19: Labour | B19: 318809.83 | C19: 307702.56 | D19: =SUM(B19:C19) -> 626512.39 | F19: 13972.735 | G19: 3659.8459 | H19: =SUM(F19:G19) -> 17632.581 | J19: 30970.084 | K19: 4893.058 | L19: =SUM(J19:K19) -> 35863.142 | N19: =B19+F19+J19 -> 363752.65 | O19: =C19+G19+K19 -> 316255.46 | P19: =N19+O19 -> 680008.11
A20: Fleet | B20: 0 | C20: 0 | D20: =SUM(B20:C20) -> 0 | F20: 0 | G20: 0 | H20: =SUM(F20:G20) -> 0 | J20: 0 | K20: 0 | L20: =SUM(J20:K20) -> 0 | N20: =B20+F20+J20 -> 0 | O20: =C20+G20+K20 -> 0 | P20: =N20+O20 -> 0
A21: Contractors and consultants | B21: 83031.175 | C21: 41231.667 | D21: =SUM(B21:C21) -> 124262.84 | F21: 3751.7933 | G21: 513.51777 | H21: =SUM(F21:G21) -> 4265.311 | J21: 7049.9138 | K21: 583.50534 | L21: =SUM(J21:K21) -> 7633.4192 | N21: =B21+F21+J21 -> 93832.882 | O21: =C21+G21+K21 -> 42328.69 | P21: =N21+O21 -> 136161.57
A22: Materials | B22: 274481.98 | C22: 43153.458 | D22: =SUM(B22:C22) -> 317635.44 | F22: 10467.474 | G22: 581.51161 | H22: =SUM(F22:G22) -> 11048.985 | J22: 19336.493 | K22: 478.07783 | L22: =SUM(J22:K22) -> 19814.571 | N22: =B22+F22+J22 -> 304285.95 | O22: =C22+G22+K22 -> 44213.047 | P22: =N22+O22 -> 348499
B23: =SUM(B19:B22) -> 676322.99 | C23: =SUM(C19:C22) -> 392087.68 | D23: =SUM(D19:D22) -> 1068410.7 | F23: =SUM(F19:F22) -> 28192.002 | G23: =SUM(G19:G22) -> 4754.8753 | H23: =SUM(H19:H22) -> 32946.877 | J23: =SUM(J19:J22) -> 57356.49 | K23: =SUM(K19:K22) -> 5954.6412 | L23: =SUM(L19:L22) -> 63311.131 | N23: =SUM(N19:N22) -> 761871.48 | O23: =SUM(O19:O22) -> 402797.2 | P23: =SUM(P19:P22) -> 1164668.7
A26: Avoided Costs Associated with Tasks already funded (Cancelled) | B26: FY25 | F26: FY26 | J26: FY27 | N26: Total
B27: Capex | C27: Opex | D27: Total | F27: Capex | G27: Opex | H27: Total | J27: Capex | K27: Opex | L27: Total | N27: Capex | O27: Opex | P27: Total
B28: $ | C28: $ | D28: $ | F28: $ | G28: $ | H28: $ | J28: $ | K28: $ | L28: $ | N28: $ | O28: $ | P28: $
A29: Labour | B29: 28733.906 | C29: 9567.8266 | D29: 38301.732 | N29: =B29+F29+J29 -> 28733.906 | O29: =C29+G29+K29 -> 9567.8266 | P29: =N29+O29 -> 38301.732
A30: Fleet | B30: 0 | C30: 0 | D30: 0 | N30: =B30+F30+J30 -> 0 | O30: =C30+G30+K30 -> 0 | P30: =N30+O30 -> 0
A31: Contractors and consultants | B31: 4411.0134 | C31: 1445.5941 | D31: 5856.6075 | N31: =B31+F31+J31 -> 4411.0134 | O31: =C31+G31+K31 -> 1445.5941 | P31: =N31+O31 -> 5856.6075
A32: Materials | B32: 11167.793 | C32: 2151.2826 | D32: 13319.075 | N32: =B32+F32+J32 -> 11167.793 | O32: =C32+G32+K32 -> 2151.2826 | P32: =N32+O32 -> 13319.075
B33: =SUM(B29:B32) -> 44312.712 | C33: =SUM(C29:C32) -> 13164.703 | D33: =SUM(D29:D32) -> 57477.415 | N33: =SUM(N29:N32) -> 44312.712 | O33: =SUM(O29:O32) -> 13164.703 | P33: =SUM(P29:P32) -> 57477.415
A35: Public Lighting | B35: 116220.49 | C35: 271740.96 | D35: =SUM(B35:C35) -> 387961.45 | N35: =B35+F35+J35 -> 116220.49 | O35: =C35+G35+K35 -> 271740.96 | P35: =N35+O35 -> 387961.45
A38: Total excluding costs already funded | B38: =B13+B23-B33+B35 -> 12964913 | C38: =C13+C23-C33+C35 -> 3727754.6 | D38: =D13+D23-D33+D35 -> 16692668 | F38: =F13+F23-F33+F35 -> 496822.49 | G38: =G13+G23-G33 -> 142114.36 | H38: =H13+H23-H33 -> 638936.85 | J38: =J13+J23-J33+J35 -> 64889.51 | K38: =K13+K23-K33 -> 41794.641 | L38: =L13+L23-L33 -> 106684.15 | N38: =N13+N23-N33+N35 -> 13526625 | O38: =O13+O23-O33+O35 -> 3911663.6 | P38: =P13+P23-P33+P35 -> 17438289

Sheet Capitalised Overheads
A3: Direct expenditure (Real June 2024) | D3: FY25 | E3: FY26 | F3: FY27 | G3: Total
A4: Capex -Dx lines and cables | D4: ='PTRM input '!D14 -> 12795860 | E4: ='PTRM input '!E14 -> 477640.21 | F4: ='PTRM input '!F14 -> 60767.853 | G4: =SUM(D4:F4) -> 13334268
A6: 25% of allocated overheads | D6: =D14*25% -> 2607586.9 | E6: =E14*25% -> 89627.874 | F6: =F14*25% -> 1435.0766 | G6: =SUM(D6:F6) -> 2698649.9
A9: Fully loaded capex | D9: =D4+D6 -> 15403447 | E9: =E4+E6 -> 567268.08 | F9: =F4+F6 -> 62202.929 | G9: =G4+G6 -> 16032918
A12: Capitalised Overheads from Power BI (Nominal $) | D12: 10568148 | E12: 372909.5 | F12: 6129.65 | G12: =SUM(D12:F12) -> 10947188 | H12: Note 1
A14: Capitalised Overheads from Power BI (Real June 2024 $) | D14: =D12*'PTRM input '!D4 -> 10430348 | E14: =E12*'PTRM input '!E4 -> 358511.49 | F14: =F12*'PTRM input '!F4 -> 5740.3064 | G14: =SUM(D14:F14) -> 10794599
A17: Note 1
A18: This is the total allocation as per the CAM. The full amount has been excluded from the cost pass through application and using the
A19: AER's established approach for overheads, only the incremental variable component (25%) of overheads allocated to capex is included.
